 Dungeon Crawl Stone Soup version 0.31-a0-331-geda263fcf1 (webtiles) character file.

Game seed: 11773533914498850491

31824 Newt the Markskobold (level 13, -27/77 HPs)
             Began as a Kobold Hunter on July 19, 2023.
             Was a High Priest of Hepliaklqana.
             Annihilated by Rupert
             ... wielding a +2 battleaxe of electrocution
              (31 damage)
             ... on level 4 of the Lair of Beasts.
             The game lasted 00:20:09 (17759 turns).

Newt the Markskobold (Kobold Hunter)               Turns: 17759, Time: 00:20:10

Health: -27/77     AC: 11    Str: 12    XL:     13   Next: 99%
Magic:  15/17      EV: 36    Int: 10    God:    Hepliaklqana [*****.]
Gold:   1132       SH:  0    Dex: 29    Spells: 12/12 levels left

rFire   . . .        a - +1 shortbow
rCold   . . .        (shield currently unavailable)
rNeg    . . .        w - +1 scale mail "Uni Lula" {Slay+3}
rPois   .            U - +2 hat
rElec   .            Y - scarf {repulsion}
rCorr   +            q - +0 pair of gloves of Bumuron {rCorr Dex+3}
SInv    .            (no boots)
Will    .....        V - amulet of the acrobat
Stlth   ++           d - +6 ring of dexterity
HPRegen 0.32/turn    y - ring of resist corrosion
MPRegen 0.15/turn

%: repel missiles, acrobat
@: acrobatic
A: reduced essence, small, no large weapons, nightstalker 3, evolution 1
a: Renounce Religion, Recall Ancestor, Ancestor Identity, Transference, Idealise


You were on level 4 of the Lair of Beasts.
You worshipped Hepliaklqana.
Hepliaklqana was extremely pleased with you.
You visited 3 branches of the dungeon, and saw 15 of its levels.
You also visited: Sewer.

You collected 1418 gold pieces.
You spent 286 gold pieces at shops.

Inventory:

Hand Weapons
 a - a +1 shortbow (weapon)
Missiles
 G - a throwing net
Armour
 c - a +0 leather armour
 i - a +1 helmet
 m - an orb of wrath
 q - the +0 pair of gloves of Bumuron (worn) {rCorr Dex+3}
   (You acquired it on level 5 of the Dungeon)

   Dex:       It affects your dexterity (+3).
   rCorr:     It protects you from acid and corrosion.
 r - a +0 pair of gloves
 w - the +1 scale mail "Uni Lula" (worn) {Slay+3}
   (You bought it in a shop on level 2 of the Dungeon)

   Slay:      It affects your accuracy & damage with ranged weapons and melee
   (+3).
 D - a +2 helmet
 E - a +0 cloak
 U - a +2 hat (worn)
 Y - a scarf of repulsion (worn)
Jewellery
 d - a +6 ring of dexterity (left hand)
 y - a ring of resist corrosion (right hand)
 I - a ring of wizardry
 Q - a ring of ice
 V - an amulet of the acrobat (around neck)
 X - a ring of protection from fire
Wands
 n - a wand of flame (9)
 o - a wand of polymorph (11)
 L - a wand of digging (2)
 M - a wand of paralysis (12)
 O - a wand of roots (5)
Scrolls
 b - a scroll of butterflies
 e - 3 scrolls of teleportation
 t - 2 scrolls of revelation
 u - a scroll of enchant weapon
 x - 3 scrolls of fear
 z - a scroll of fog
 A - 2 scrolls of enchant armour
 B - a scroll of vulnerability {unknown}
 P - a scroll of noise {unknown}
 S - a scroll of amnesia
Potions
 f - 2 potions of resistance
 g - 3 potions of haste
 h - 2 potions of heal wounds
 j - 2 potions of brilliance
 k - 3 potions of might
 l - 2 potions of cancellation
 p - 2 potions of magic
 s - a potion of curing
 v - a potion of berserk rage
 C - 2 potions of ambrosia
 H - 2 potions of mutation
 J - a potion of attraction
 K - 3 potions of degeneration
 R - 2 potions of lignification
Miscellaneous
 F - a condenser vane (inert)
 N - a phantom mirror (inert)
 T - a sack of spiders
 W - a phial of floods


   Skills:
 - Level 12.0 Fighting
 - Level 18.0 Ranged Weapons
 - Level 6.0 Armour
 - Level 12.0 Dodging
 - Level 1.3 Stealth
 - Level 6.0 Invocations
 + Level 8.7 Evocations


You had 12 spell levels left.
You didn't know any spells.
Your spell library contained the following spells:

 Spells                   Type           Power      Damage    Failure   Level
 Sandblast                Erth           0%         2d4       86%         1
 Slow                     Hex            0%         N/A       86%         1
 Blink                    Tloc           0%         N/A       94%         2
 Lesser Beckoning         Tloc           0%         N/A       94%         2
 Momentum Strike          Conj/Tloc      0%         3d8       94%         2
 Passwall                 Tmut/Erth      0%         N/A       94%         2
 Confusing Touch          Hex            0%         N/A       99%         3
 Stone Arrow              Conj/Erth      0%         3d7       99%         3
 Vampiric Draining        Necr           0%         2d6       99%         3
 Cause Fear               Hex            0%         N/A       100%        4
 Fireball                 Conj/Fire      0%         3d3       100%        5
 Summon Forest            Summ/Tloc      0%         N/A       100%        5
 Eringya's Noxious Bog    Tmut/Pois      0%         4d6       100%        6
 Summon Hydra             Summ           0%         N/A       100%        7
 Dragon's Call            Summ           0%         N/A       100%        9


Dungeon Overview and Level Annotations

Branches:
Dungeon (10/15)            Temple (1/1) D:4            Lair (4/5) D:10
 Shoals (0/4) Lair:2        Snake (0/4) Lair:3          Orc (0/2) D:10
  Sewer (visited)
  Slime: Lair:4-5

Altars:
Ashenzari
Cheibriados
Dithmenos
Elyvilon
Fedhas
Gozag
Hepliaklqana
Kikubaaqudgha
Makhleb
Nemelex Xobeh
Okawaru
Qazlal
Ru
Sif Muna
Trog
Uskayaw
Vehumet
Wu Jian
Xom
Yredelemnul
Zin
The Shining One

Shops:
D:1 (   D:2 [   D:6 [

Annotations:
Lair:4 Rupert


Innate Abilities, Weirdness & Mutations

Your life essence is reduced to manifest your ancestor. (-10% HP)
You are small and have problems with some larger weapons.
You are completely attuned to the shadows.
You have hidden genetic potential.


Message History

Publius is destroyed!
Rupert barely misses Rupert.
Rupert hits Rupert with a +2 battleaxe of electrocution!!
Unknown command.
Unknown command.
Fire: a) +1 shortbow
Press: ? - help, Shift-Dir - straight line, f/p - Rupert
Aim: Rupert, wielding a +2 battleaxe of electrocution and wearing a +0 ring mail (thin mist, lightly wounded, berserk, lightly drained, ally target, 80% to hit)
You shoot an arrow. The arrow hits the bullfrog!
The bullfrog is severely wounded.
Rupert hits Rupert with a +2 battleaxe of electrocution!!
Lightning courses through Rupert!
Rupert misses the bullfrog.
The bullfrog misses you.
Unknown command.
Unknown command.
Aiming: Paralyse
Press: ? - help, Shift-Dir - straight line, f/p - Rupert
Aim: Rupert, wielding a +2 battleaxe of electrocution and wearing a +0 ring mail (thin mist, moderately wounded, berserk, not watching you, lightly drained, ally target, chance to affect: 15%) Rupert resists with almost no effort.
Rupert hits you with a +2 battleaxe of electrocution!!
* * * LOW HITPOINT WARNING * * *
Rupert hits Rupert with a +2 battleaxe of electrocution!!
Rupert completely misses Rupert.
Rupert closely misses the bullfrog.
The bullfrog barely misses you. Rupert completely misses you.
Rupert hits Rupert with a +2 battleaxe of electrocution!!
Lightning courses through Rupert!
Rupert hits Rupert with a +2 battleaxe of electrocution!
Rupert hits the bullfrog with a +2 battleaxe of electrocution!
Lightning courses through the bullfrog!
The bullfrog dies!
You hear a howl! x2
Unknown command.
Okay, then.
You hear a howl!
Rupert attacks as you move away!
Rupert hits you with a +2 battleaxe of electrocution!
* * * LOW HITPOINT WARNING * * *
Rupert hits Rupert with a +2 battleaxe of electrocution!!
Rupert hits you with a +2 battleaxe of electrocution!!
You die...

..................§§§§.
..................§§§§§
..................§§§§§
.................§§§§§§
.................§§§§§§
...................§§§.
.........)...#...####..
..#........#####.## #.
......@....# #..#
..#...@....# ###..####
......@..... ......#.#
....§..>.... ........##
..#..§..... ..........
...!...... .#........
..#....... ##.#.#...
..#...... #####... ####


You could see Rupert (berserk, drained, ally target) and the friendly Rupert
(summoned, berserk, drained).

Vanquished Creatures
  Gastronok (Lair:2)
  Fannar (Lair:1)
  A two-headed ogre (D:10)
  6 death yaks
  A skyshark (Lair:3)
  Lodul (D:10)
  A merfolk siren (Lair:2)
  A torpor snail (Lair:2)
  3 komodo dragons
  Maggie (D:9)
  6 cane toads
  A rime drake (Lair:3)
  3 trolls
  A polar bear (Lair:2)
  A merfolk (Lair:2)
  Grinder (Sewer)
  5 blink frogs (Lair:2)
  2 dream sheep (Lair:2)
  18 yaks
  A wyvern (Lair:3)
  A wraith (D:9)
  4 fire bats
  A basilisk (Lair:2)
  A steam dragon (D:8)
  2 vampire mosquitoes (D:10)
  Grum (Lair:1)
  4 nagas (Lair:3)
  3 wargs (D:10)
  2 ice beasts
  5 water moccasins
  An orc warrior (D:10)
  A sky beast (D:7)
  2 black bears
  13 wolves
  4 centaurs
  5 ogres (D:10)
  A phantom (Sewer)
  2 kobold brigands
  2 bullfrogs
  2 scorpions
  16 wights
  6 killer bees
  2 electric eels
  A jelly (D:5)
  4 hounds
  9 orc priests
  A sleepcap (D:5)
  4 orc wizards
  3 iguanas
  A killer bee zombie (D:5)
  A hound zombie (D:5)
  9 gnolls
  11 adders
  5 shadow imps
  A white imp (D:6)
  6 ufetubi
  An adder zombie (Sewer)
  3 worms (D:3)
  27 orcs
  4 ball pythons
  5 bats
  6 endoplasms
  A giant cockroach (D:3)
  7 goblins
  6 hobgoblins
  6 quokkas
  4 frilled lizards
  34 kobolds
  A kobold zombie (Sewer)
  6 rats
304 creatures vanquished.

Vanquished Creatures (collateral kills)
  Harold (D:9)
  A death yak (Lair:3)
  Maurice (D:9)
  A merfolk siren (Lair:2)
  A cane toad (Lair:3)
  A torpor snail (Lair:2)
  2 komodo dragons (Lair:1)
  2 rime drakes
  3 blink frogs (Lair:2)
  4 dream sheep (Lair:2)
  10 yaks
  A vampire (D:10)
  A wyvern (Lair:2)
  A naga (Lair:3)
  3 water moccasins
  An ice beast (D:6)
  A sky beast (D:7)
  3 ogres (D:10)
  4 wolves
  A kobold brigand (D:9)
  3 bullfrogs
  A gnoll sergeant (D:8)
  4 wights
  A killer bee (D:9)
  3 howler monkeys
  A jelly (D:8)
  An orc priest (D:9)
  2 hounds
  A gnoll bouda (Lair:1)
  An iguana (D:6)
  3 orc wizards
  A gnoll (D:8)
  A river rat (Lair:3)
  6 orcs
  5 kobolds
77 creatures vanquished.

Vanquished Creatures (others)
  8 knights
  An ancestor (D:6)
9 creatures vanquished.

Grand Total: 390 creatures vanquished

Notes
Turn   | Place    | Note
-------+----------+-------------------------------------------
     0 | D:1      | Newt the Kobold Hunter began the quest for the Orb.
     0 | D:1      | Reached XP level 1. HP: 12/12 MP: 1/1
    81 | D:1      | Found Deozust's Weapon Shop.
   217 | D:1      | Reached XP level 2. HP: 18/18 MP: 2/2
  1016 | D:2      | Reached XP level 3. HP: 19/24 MP: 3/3
  1349 | D:2      | Found Olun's Armour Boutique.
  1771 | D:3      | Reached XP level 4. HP: 30/30 MP: 4/4
  1813 | D:3      | Found a broken altar of Ashenzari.
  1959 | D:3      | Reached skill level 5 in Fighting
  1972 | D:3      | Found a glowing drain.
  1976 | Sewer    | Entered a sewer
  2081 | Sewer    | Reached XP level 5. HP: 35/35 MP: 5/5
  2112 | Sewer    | Reached skill level 6 in Ranged Weapons
  2175 | Sewer    | Noticed a phantom
  2212 | Sewer    | Killed a phantom
  2213 | Sewer    | Reached skill level 7 in Ranged Weapons
  2213 | Sewer    | Reached XP level 6. HP: 19/40 MP: 6/6
  2217 | Sewer    | Reached skill level 8 in Ranged Weapons
  2333 | Sewer    | Found an ancient bone altar of Kikubaaqudgha.
  2373 | Sewer    | Noticed Grinder
  2391 | Sewer    | Killed Grinder
  2392 | Sewer    | Reached skill level 9 in Ranged Weapons
  2392 | Sewer    | Reached XP level 7. HP: 16/44 MP: 7/7
  2798 | D:3      | You fall into a shaft and drop 1 floor!
  2944 | D:4      | Reached skill level 10 in Ranged Weapons
  3274 | D:4      | Reached XP level 8. HP: 49/49 MP: 8/8
  3406 | D:4      | Found a hide-covered altar of Uskayaw.
  4077 | D:4      | Found a staircase to the Ecumenical Temple.
  4273 | Temple   | Entered the Ecumenical Temple
  4280 | Temple   | Became a worshipper of Hepliaklqana the Forgotten
  4413 | D:4      | Reached skill level 5 in Dodging
  4490 | D:5      | Entered Level 5 of the Dungeon
  4622 | D:5      | Found an iron altar of Okawaru.
  4814 | D:2      | Bought the +1 scale mail "Uni Lula" {Slay+3} for 286 gold
                  | pieces
  4887 | D:5      | Found a glowing golden altar of the Shining One.
  5185 | D:5      | Identified a scroll of acquirement
  5185 | D:5      | Acquired the +0 pair of gloves of Bumuron {rCorr Dex+3}
  5379 | D:5      | Found a basalt altar of Yredelemnul.
  5740 | D:6      | Reached * piety under Hepliaklqana
  5856 | D:6      | Reached XP level 9. HP: 28/53 MP: 9/9
  6149 | D:6      | Reached skill level 11 in Ranged Weapons
  6228 | D:6      | Found Aczutekk's Armour Shop.
  6760 | D:6      | Found an opulent altar of Gozag.
  6867 | D:7      | Reached skill level 12 in Ranged Weapons
  6999 | D:7      | Reached ** piety under Hepliaklqana
  7000 | D:7      | Remembered your ancestor Publius as a knight
  7008 | D:7      | Found a white marble altar of Elyvilon.
  7123 | D:7      | Reached skill level 13 in Ranged Weapons
  7548 | D:8      | Reached XP level 10. HP: 34/57 MP: 10/10
  7734 | D:8      | Reached skill level 14 in Ranged Weapons
  7779 | D:8      | Found a glowing silver altar of Zin.
  8004 | D:8      | Found an ornate altar of the Wu Jian Council.
  8255 | D:8      | Reached skill level 15 in Ranged Weapons
  8255 | D:8      | Reached skill level 1 in Evocations
  8934 | D:9      | Paralysed by an orc warrior for 5 turns
  8943 | D:9      | Paralysed by an orc warrior for 5 turns
  8953 | D:9      | Reached *** piety under Hepliaklqana
  9239 | D:9      | Reached skill level 5 in Evocations
  9294 | D:9      | Noticed Maurice
  9331 | D:9      | Killed Maurice
  9863 | D:9      | Noticed Maggie
  9867 | D:9      | Noticed Harold
  9871 | D:9      | Killed Maggie
  9872 | D:9      | Reached skill level 5 in Invocations
  9879 | D:9      | Killed Harold
  9880 | D:9      | Reached XP level 11. HP: 61/61 MP: 15/15
 10147 | D:10     | Entered Level 10 of the Dungeon
 10689 | D:10     | Noticed Lodul
 11005 | D:10     | Noticed a two-headed ogre
 11011 | D:10     | Killed a two-headed ogre
 11012 | D:10     | Reached skill level 16 in Ranged Weapons
 11145 | D:10     | Reached **** piety under Hepliaklqana
 11146 | D:10     | Found a staircase to the Lair.
 11214 | D:10     | Found a staircase to the Orcish Mines.
 11372 | D:10     | Killed Lodul
 11373 | D:10     | Reached skill level 17 in Ranged Weapons
 11902 | Lair:1   | Entered Level 1 of the Lair of Beasts
 11926 | Lair:1   | Reached XP level 12. HP: 65/65 MP: 16/16
 11931 | Lair:1   | Reached skill level 18 in Ranged Weapons
 11936 | Lair:1   | Reached skill level 1 in Armour
 12432 | Lair:1   | Noticed Fannar
 12452 | Lair:1   | Killed Fannar
 12540 | Lair:1   | Reached ***** piety under Hepliaklqana
 12636 | Lair:1   | Found the +5 glaive of the Guard {elec, spectral, AC+5}
 12746 | Lair:1   | Noticed Grum
 12751 | Lair:1   | Reached skill level 5 in Armour
 12762 | Lair:1   | Killed Grum
 13793 | Lair:2   | Found a staircase to the Shoals.
 14268 | Lair:2   | Reached XP level 13. HP: 70/70 MP: 17/17
 14278 | Lair:2   | Reached skill level 10 in Dodging
 14867 | Lair:2   | Noticed Gastronok
 14876 | Lair:2   | Killed Gastronok
 15405 | Lair:3   | Gained mutation: You have hidden genetic potential. [potion
                  | of mutation]
 15688 | Lair:2   | Reached skill level 10 in Fighting
 16448 | Lair:3   | Found a staircase to the Snake Pit.
 16483 | Lair:3   | Found a glowing silver altar of Zin.
 17746 | Lair:4   | Noticed Rupert
 17748 | Lair:4   | Paralysed by Rupert for 4 turns
 17759 | Lair:4   | Annihilated by Rupert

Illustrated notes

Levels and vault maps discovered:
D:1:      mrwooster_arrival_statue_3, layout_basic, serial_shops,
          nicolae_shop_pleasant_corner_grove, minmay_unequal
D:2:      layout_basic, serial_shops, nicolae_square_shop
D:3:      layout_loops_ring, evilmike_ruin_ashenzari, gup_sewer_entry_spiral
D:4:      layout_loops_ring, mainiacjoe_overflow_surrounded_room,
          minmay_temple_entry_fiery
D:5:      layout_loops_ring, lemuel_zombie_altar_yredelemnul, tso_altar,
          okawaru_gym_becter, kennysheep_generic_room_16
D:6:      layout_basic, overflow_temple_1_default, serial_shops,
          nicolae_lakefront_shop
D:7:      layout_loops_cross, old_standard_altar
D:8:      layout_gridville, zin_treasury, mainiacjoe_overflow_24_doors
D:9:      layout_cross, uniq_maggie, uniq_maurice, uniq_harold
D:10:     layout_stronghold, erik_lair_orcish_takeover,
          minmay_orc_entry_temple_small, grunt_ministairs_6,
          kennysheep_cross_room, uniq_lodul
Temple:   cyrus_circular_temple
Lair:1:   layout_regular_city, eino_small_chamber_without_monster,
          chequers_serial_rivers_micro_e, dreamdust_gnoll_shepherd, uniq_grum,
          uniq_fannar
Lair:2:   layout_roguey, elwin_shoals_entry_rooms,
          chequers_serial_rivers_room_a, uniq_gastronok
Lair:3:   layout_chaotic_city, minmay_snake_entry_guardpost_medium,
          serial_forest, infiniplex_forest_lined_2,
          infiniplex_forest_end_double, infiniplex_forest_straight_5,
          infiniplex_forest_clump_large, infiniplex_forest_clump_small,
          infiniplex_forest_clump_curved, basic_altar, pond
Lair:4:   layout_gridlike, slime_entry_1, grunt_megastairs_3, uniq_rupert

Skill      XL: |  1  2  3  4  5  6  7  8  9 10 11 12 13 |
---------------+----------------------------------------+-----
Fighting       | 3 4 5 7 8 12 | 12.0
Ranged Weapons | 7 9 10 13 15 17 18 | 18.0
Dodging        | 4 6 9 12 | 12.0
Evocations     | 6 8 |  8.7
Invocations    | 6 |  6.0
Armour         | 6 |  6.0
Stealth        | |  1.3

Action                     |  1- 3 |  4- 6 |  7- 9 | 10-12 | 13-15 || total
---------------------------+-------+-------+-------+-------+-------++-------
   Fire: Shortbow          |    64 |   174 |   281 |   544 |   288 ||  1351
 Invoke: Ancestor Life: Kn |       |       |     1 |       |       ||     1
         Recall Ancestor   |       |       |       |     2 |     3 ||     5
         Transference      |       |       |       |       |     2 ||     2
  Evoke: Wand              |       |       |       |     4 |     1 ||     5
         Condenser vane    |       |       |       |     1 |     1 ||     2
         Phantom mirror    |       |       |       |     1 |     1 ||     2
    Use: Scroll            |     5 |     1 |     4 |     8 |     7 ||    25
         Potion            |       |     3 |       |     5 |     4 ||    12
 Armour: Leather armour    |     3 |    26 |    10 |       |       ||    39
         Scale mail        |       |       |    28 |    62 |    42 ||   132
  Dodge: Dodged            |    19 |   118 |    93 |   209 |   184 ||   623

Table legend: (Time is in decaauts)
 A = Elapsed time spent in this place.
 B = Non-inter-level travel time spent in this place.
 C = Inter-level travel time spent in this place.
 D = Time resting spent in this place.
 E = Time spent auto-exploring this place.
 F = Levels seen in this place.
 G = Mean time per level.
                   A        B        C        D        E       F      G
               +--------+--------+--------+--------+--------+-----+--------+
         Total |  17818 |  17068 |    750 |   3928 |  10716 |  16 | 1113.6 |
       Dungeon |  11247 |  10624 |    623 |   1819 |   7348 |  10 | 1124.7 |
        Temple |     14 |      7 |      7 |      0 |      0 |   1 |   14.0 |
          Lair |   5835 |   5717 |    118 |   1944 |   3016 |   4 | 1458.8 |
         Sewer |    720 |    720 |      0 |    164 |    350 |   1 |  720.0 |
               +--------+--------+--------+--------+--------+-----+--------+

Top non-repeatable levels by time:
  Lair:2: 1979 daAuts
  Lair:3: 1854 daAuts
  Lair:1: 1781 daAuts
    D:10: 1750 daAuts
     D:8: 1578 daAuts
     D:4: 1152 daAuts
     D:5: 1141 daAuts
     D:6: 1139 daAuts
     D:9: 1029 daAuts
     D:3: 984 daAuts
     D:1: 964 daAuts
     D:2: 805 daAuts
   Sewer: 720 daAuts
     D:7: 702 daAuts
  Lair:4: 220 daAuts
